 Dungeon Crawl Stone Soup version 0.24.0-2-g5b39cebb1c (webtiles) character file.

Game seed: 8197942129672922469, levelgen mode: deterministic

323746 Monsterracer the Warrior (level 21, -5/140 HPs)
             Began as a Gargoyle Abyssal Knight on Oct 31, 2019.
             Was the Champion of Lugonu.
             Slain by a caustic shrike (8 damage)
             ... on level 1 of the Depths.
             The game lasted 01:20:53 (56851 turns).

Monsterracer the Warrior (Gargoyle Abyssal Knight) Turns: 56851, Time: 01:20:54

Health: -5/140     AC: 35    Str: 25    XL:     21   Next: 58%
Magic:  18/31      EV: 12    Int: 11    God:    Lugonu [******]
Gold:   1570       SH: 16    Dex:  9    Spells: 16/20 levels left

rFire    + + .     SeeInvis .   a - +5 broad axe (chop)
rCold    + . .     Gourm    .   A - +2 shield {rC+ rF+}
rNeg     + . .     Faith    .   I - +0 chain mail of the Circus Animal {rElec MR++ Str-5 Slay+3}
rPois    ∞         Spirit   .   V - +2 helmet
rElec    +         Reflect  .   b - +2 cloak of Wuahoij {Str+5}
rCorr    +         Harm     .   T - +0 pair of gloves
MR       +++..                  y - +2 pair of boots {run}
Stlth    ..........             o - amulet of regeneration
HPRegen  0.73/turn              U - ring of resist corrosion
MPRegen  0.22/turn              K - ring of Gluttony {rF+ Int-3 Slay+2}

@: about to teleport, corroded, flying, contaminated, glowing, quick
A: big wings, negative energy resistance 1, electricity resistance, unbreathing,
petrification resistance, rot immunity, AC +16
}: 2/15 runes: barnacled, gossamer
a: Stop Flying, Depart the Abyss, Bend Space, Banish, Corrupt, Enter the Abyss,
Brand Weapon With Distortion, Renounce Religion


You were on level 1 of the Depths.
You worshipped Lugonu.
Lugonu was exalted by your worship.
You were not hungry.

You visited 8 branches of the dungeon, and saw 38 of its levels.
You visited the Abyss 1 time.
You also visited: Gauntlet and Ice Cave.

You collected 4460 gold pieces.
You spent 2890 gold pieces at shops.

Inventory:

Hand Weapons
 a - a +5 broad axe of chopping (weapon)
   (You found it on level 4 of the Shoals)
Missiles
 G - 2 throwing nets (quivered) {!f}
Armour
 b - the +2 cloak of Wuahoij (worn) {Str+5}
   (You found it on level 1 of the Vaults)

   It affects your strength (+5).
 y - a +2 pair of boots of running (worn)
   (You bought it in a shop on level 4 of the Dungeon)
 A - a +2 shield of resistance (worn)
   (You bought it in a shop on level 1 of the Orcish Mines)
 I - the +0 chain mail of the Circus Animal (worn) {rElec MR++ Str-5 Slay+3}
   (You found it in a Gauntlet)

   It affects your strength (-5).
   It affects your accuracy and damage with ranged weapons and melee attacks
   (+3).
   It insulates you from electricity.
   It affects your resistance to hostile enchantments.
 Q - the +0 pair of boots of Jibal {+Inv rF+ Str+4}
   (You found it in a Gauntlet)

   It affects your strength (+4).
   It protects you from fire.
   It lets you turn invisible.
 T - a +0 pair of gloves (worn)
   (You found it on level 2 of the Dungeon)
 V - a +2 helmet (worn)
   (You found it on level 4 of the Lair of Beasts)
Jewellery
 n - a +5 ring of strength
   (You found it on level 1 of the Depths)
 o - an amulet of regeneration (around neck)
   (You found it on level 1 of the Spider Nest)
 K - the ring of Gluttony (right hand) {rF+ Int-3 Slay+2}
   (You found it in a Gauntlet)

   [ring of intelligence]

   It affects your intelligence (-3).
   It affects your accuracy and damage with ranged weapons and melee attacks
   (+2).
   It protects you from fire.
 M - an uncursed ring of protection from magic
   (You found it on level 1 of the Depths)
 S - an uncursed ring of see invisible
   (You found it on level 8 of the Dungeon)
 U - a ring of resist corrosion (left hand)
   (You found it on level 3 of the Lair of Beasts)
Wands
 x - a wand of iceblast (40)
   (You found it on level 4 of the Dungeon)
 F - a wand of digging (5)
   (You found it on level 4 of the Shoals)
 P - a wand of acid (12)
   (You found it in a Gauntlet)
Scrolls
 k - 5 scrolls of fear {!r}
 l - 7 scrolls of enchant armour
 m - 4 scrolls of magic mapping
 r - 7 scrolls of remove curse
 s - 4 scrolls of summoning {!r}
 t - 13 scrolls of teleportation {!r}
 L - 4 scrolls of fog
 X - 8 scrolls of blinking
 Y - 3 scrolls of silence
 Z - 3 scrolls of holy word
Potions
 d - 4 potions of heal wounds
 e - 9 potions of curing
 g - 5 potions of agility
 h - 6 potions of haste
 i - 2 potions of resistance
 j - 3 potions of might
 w - a potion of berserk rage {!q}
 z - 4 potions of brilliance
 B - 7 potions of mutation {!q}
 C - 2 potions of cancellation
 J - 2 potions of invisibility
 R - 4 potions of ambrosia {!q}
Miscellaneous
 f - a sack of spiders
 p - a lamp of fire
   (You found it on level 3 of the Lair of Beasts)
 u - a phial of floods
   (You found it on level 4 of the Shoals)
 N - a box of beasts
 W - a phantom mirror
Comestibles
 c - 67 rations


   Skills:
 * Level 17.6 Fighting
 - Level 16.5(18.0) Axes
   Level 13.8(17.4) Maces & Flails
 + Level 16.8 Armour
 + Level 7.2 Dodging
 + Level 14.7 Shields
 - Level 14.0 Invocations
 - Level 5.0 Evocations


You had 16 spell levels left.
You knew the following spells:

 Your Spells              Type           Power        Failure   Level  Hunger
e - Blink                 Tloc           N/A          90%         2    ###....
v - Summon Butterflies    Summ           #.......     80%         1    ##.....
z - Apportation           Tloc           #.....       80%         1    ##.....

Your spell library contained the following spells:

 Spells                   Type           Power        Failure   Level  Hunger
 Animate Skeleton         Necr           N/A          80%         1    ##.....
 Confusing Touch          Hex            #.....       80%         1    ##.....
 Freeze                   Ice            #...         80%         1    ##.....
 Magic Dart               Conj           #...         80%         1    ##.....
 Summon Small Mammal      Summ           #...         80%         1    ##.....
 Call Imp                 Summ           #.......     90%         2    ###....
 Corpse Rot               Necr           N/A          90%         2    ###....
 Slow                     Hex            #.......     90%         2    ###....
 Song of Slaying          Chrm           #.......     90%         2    ###....
 Throw Frost              Conj/Ice       #.....       90%         2    ###....
 Call Canine Familiar     Summ           #.......     99%         3    ####...
 Confuse                  Hex            #.......     99%         3    ####...
 Conjure Flame            Conj/Fire      #.......     99%         3    ####...
 Dazzling Spray           Conj/Hex       #.....       99%         3    ####...
 Gell's Gravitas          Tloc           #.........   99%         3    ####...
 Ignite Poison            Fire/Tmut/Pois #.......     99%         3    ####...
 Lesser Beckoning         Tloc           #.........   99%         3    ####...
 Mephitic Cloud           Conj/Pois/Air  #.......     99%         3    ####...
 Ozocubu's Armour         Chrm/Ice       #.......     99%         3    ####...
 Recall                   Summ/Tloc      N/A          99%         3    ####...
 Spider Form              Tmut/Pois      #.........   99%         3    ####...
 Stone Arrow              Conj/Erth      #.....       99%         3    ####...
 Summon Guardian Golem    Hex/Summ       #.......     99%         3    ####...
 Tukima's Dance           Hex            #.......     99%         3    ####...
 Animate Dead             Necr           N/A          100%        4    #####..
 Cause Fear               Hex            #.........   100%        4    #####..
 Ice Form                 Ice/Tmut       #.......     100%        4    #####..
 Leda's Liquefaction      Hex/Erth       #.........   100%        4    #####..
 Petrify                  Tmut/Erth      #.......     100%        4    #####..
 Summon Ice Beast         Ice/Summ       #.......     100%        4    #####..
 Summon Lightning Spire   Summ/Air       #.......     100%        4    #####..
 Throw Icicle             Conj/Ice       #.......     100%        4    #####..
 Agony                    Necr           #.......     100%        5    ######.
 Alistair's Intoxication  Tmut/Pois      #.......     100%        5    ######.
 Aura of Abjuration       Summ           #.........   100%        5    ######.
 Bolt of Draining         Conj/Necr      #.........   100%        5    ######.
 Bolt of Magma            Conj/Fire/Erth #.........   100%        5    ######.
 Borgnjor's Vile Clutch   Necr/Erth      #.........   100%        5    ######.
 Dispel Undead            Necr           #.......     100%        5    ######.
 Excruciating Wounds      Chrm/Necr      #.........   100%        5    ######.
 Fireball                 Conj/Fire      #.........   100%        5    ######.
 Irradiate                Conj/Tmut      #.........   100%        5    ######.
 Iskenderun's Battlesphe  Conj/Chrm      #.......     100%        5    ######.
 Lightning Bolt           Conj/Air       #.........   100%        5    ######.
 Metabolic Englaciation   Hex/Ice        #.........   100%        5    ######.
 Silence                  Hex/Air        #.........   100%        5    ######.
 Summon Demon             Summ           #.........   100%        5    ######.
 Summon Forest            Summ/Tloc      #.........   100%        5    ######.
 Summon Mana Viper        Hex/Summ       #.......     100%        5    ######.
 Venom Bolt               Conj/Pois      #.........   100%        5    ######.
 Yara's Violent Unravell  Hex/Tmut       #.........   100%        5    ######.
 Bolt of Cold             Conj/Ice       #.........   100%        6    #######
 Bolt of Fire             Conj/Fire      #.........   100%        6    #######
 Death Channel            Necr           #.........   100%        6    #######
 Deflect Missiles         Chrm/Air       #.........   100%        6    #######
 Freezing Cloud           Conj/Ice/Air   #.........   100%        6    #######
 Hydra Form               Tmut           #.........   100%        6    #######
 Invisibility             Hex            #.......     100%        6    #######
 Iron Shot                Conj/Erth      #.........   100%        6    #######
 Shadow Creatures         Summ           N/A          100%        6    #######
 Simulacrum               Ice/Necr       #.........   100%        6    #######
 Dragon Form              Tmut           #.........   100%        7    #######
 Orb of Destruction       Conj           #.........   100%        7    #######
 Ring of Flames           Chrm/Fire      #.........   100%        7    #######
 Spellforged Servitor     Conj/Summ      #.........   100%        7    #######
 Summon Hydra             Summ           #.........   100%        7    #######
 Discord                  Hex            #.........   100%        8    #######
 Ignition                 Fire           #.........   100%        8    #######
 Sublimation of Blood     Necr           Unusable     N/A         2    N/A
 Statue Form              Tmut/Erth      Unusable     N/A         6    N/A

Dungeon Overview and Level Annotations

Branches:
Dungeon (15/15)            Temple (0/1) D:6            Lair (6/6) D:10
 Shoals (4/4) Lair:2       Spider (4/4) Lair:4        Slime (0/5) Lair:5
    Orc (2/2) D:11            Elf (0/3) Orc:2        Vaults (4/5) D:13
  Crypt (1/3) Vaults:3     Depths (2/5) D:15          IceCv (visited)
Gauntlet (visited)

Altars:
Cheibriados
Dithmenos
Elyvilon
Kikubaaqudgha
Nemelex Xobeh
Okawaru
Sif Muna
Xom
Yredelemnul
Beogh

Shops:
D:4 *   D:9 :*   Orc:1 [   Orc:2 **[=   Vaults:1 :?(:   Vaults:4 %

Portals:
Hell: Depths:1
Abyss: Depths:1

Annotations:
D:2 Sigmund
Lair:1 exclusion: oklob plant
Lair:2 1 runed translucent door, Reubyar's ghost, journeyman MiBe
Lair:6 2 runed translucent doors, corrupted
Shoals:4 corrupted
Spider:1 corrupted
Spider:4 corrupted
Vaults:1 corrupted
Vaults:4 corrupted
Depths:1 corrupted
Abyss:1 Nessos; Polyphemus


Innate Abilities, Weirdness & Mutations

You are resistant to torment.
Your stone body is resilient. (AC +16)
You are immune to poison.
Your large and strong wings let you fly indefinitely.
You resist negative energy. (rN+)
You are resistant to electric shocks. (rElec)
You can survive without breathing.
You are immune to petrification.
You are immune to rotting.


Message History

Things that are here:
a +0 robe; a cursed -1 dagger You are feeling very hungry.
You see here a +2 battleaxe of freezing.
There is a stone staircase leading down here.
You fly downwards.
A frost giant and 2 caustic shrikes come into view.
The frost giant is wielding a +2 battleaxe of freezing.
The caustic shrike screeches! x2; The frost giant shouts!
You hear a deafening roar!
Found 27 gold pieces, a scroll of vulnerability and 18 poisoned darts.
Found a stone staircase leading up.
There is a stone staircase leading up here.
You're wearing all the rings you can.
Remove which one? (? for menu, Esc to cancel) < or
M - a ring of protection from magic > or
K - the ring of Gluttony {rF+ Int-3 Slay+2} You remove your ring of protection from magic.
U - a ring of resist corrosion (left hand)
The caustic shrike claws you!
You are splashed with acid.
You resist. The frost giant casts a spell at you. The bolt of cold hits you!!
You resist.
You miss the caustic shrike.
The caustic shrike claws you but does no damage.
You block the caustic shrike's attack.
You can't go down here!
The caustic shrike closely misses you. The caustic shrike claws you!
You are splashed with acid.
You resist. You block the caustic shrike's attack.
The caustic shrike claws you but does no damage.
You fly upwards.
Level annotation: corrupted
There is a stone staircase leading down here.
Press: ? - help, Shift-Dir - straight line, f - caustic shrike
Aim: a caustic shrike (chance to defeat MR: 44%)
The caustic shrike resists with some effort.
You feel somewhat more hungry. You block the caustic shrike's attack.
The caustic shrike claws you but does no damage.
You block the caustic shrike's attack. x2
Press: ? - help, Shift-Dir - straight line, f/p - caustic shrike
Aim: a caustic shrike (chance to defeat MR: 44%)
The caustic shrike resists with some effort.
You are near starving!
The caustic shrike claws you!
You are splashed with acid.
You resist. You block the caustic shrike's attack.
The caustic shrike misses you. The caustic shrike closely misses you.
Press: ? - help, Shift-Dir - straight line, f/p - caustic shrike
Aim: a caustic shrike (chance to defeat MR: 44%)
The caustic shrike resists with some effort.
You feel somewhat more hungry. The caustic shrike closely misses you.
The caustic shrike claws you! The acid corrodes you!
You are splashed with acid.
You resist. The caustic shrike claws you!
You are splashed with acid.
You resist. The caustic shrike misses you.
Unknown command.
You block the caustic shrike's attack.
The caustic shrike completely misses you.
The caustic shrike closely misses you.
The caustic shrike claws you but does no damage.
The caustic shrike claws you but does no damage.
The caustic shrike claws you.
You are splashed with acid.
You resist.
Press: ? - help, Shift-Dir - straight line, f/p - caustic shrike
Aim: a caustic shrike (chance to defeat MR: 44%)
The caustic shrike resists with some effort.
You are starving!
The caustic shrike claws you!
* * * LOW HITPOINT WARNING * * *
The acid corrodes you!
You are splashed with acid.
You resist.
* * * LOW HITPOINT WARNING * * *
The caustic shrike claws you but does no damage.
Unknown command.
You eat one of the 68 rations.
That ration really hit the spot!
The caustic shrike claws you!
* * * LOW HITPOINT WARNING * * *
The acid corrodes you!
You are splashed with acid.
You resist.
* * * LOW HITPOINT WARNING * * *
You block the caustic shrike's attack.
Blink to where?
Press: ? - help, Dir - move target cursor, p - caustic shrike You are contaminated with residual magic.
As you read the scroll of blinking, it crumbles to dust.
An ice dragon comes into view.
The ice dragon roars deafeningly!
The ice dragon breathes frost at you. The blast of cold hits you! You resist.
* * * LOW HITPOINT WARNING * * *
Really read
t - 14 scrolls of teleportation {!r}?
As you read the scroll of teleportation {!r}, it crumbles to dust.
You feel strangely unstable.
Okay, then.
As you read the scroll of fog, it crumbles to dust.
The scroll dissolves into smoke.
Okay, then.
You block the caustic shrike's attack. The caustic shrike claws you.
* * * LOW HITPOINT WARNING * * *
You are splashed with acid.
You resist.
* * * LOW HITPOINT WARNING * * *
The caustic shrike claws you!
You die...

.....##.....#
#.#.....#.#.##.##.#
.....#...#..#
#.#.#####.#.#.....#
...#)#......#####'##
#.#.#..#..#
##.....#....#.#....#
#.#.#?.#..#
.÷.....#....#.#....#
#.#........
.##...##...D#.#....#
#<.....#...
....#..#..#...#∩...#
##.###.#...
.##...)#.....§######
##[###.#...
.....#)..(...§§b@#
#....#.#.##
#...##.#...#.##b##
#....#.#...
....#........##§#
####....#.####
#####........##§#
#..'....#..... #
#...........#
#.##....###### #
#######..##b####.##....#
#...[b))...##....#
##.##.############
#..#§# #....##


You could see 2 caustic shrikes.

Vanquished Creatures
  An ancient lich (Depths:1)
  Margery (Vaults:2)
  2 liches (Vaults:1 Depths:1)
  5 krakens (Shoals:1 Shoals:2 Shoals:3 Shoals:4)
  A shadow dragon (Vaults:4)
  4 tengu reavers (Vaults:4 Depths:1)
  Donald (Shoals:1)
  3 fire giants (Vaults:1 Vaults:4 Depths:1)
  A deep elf sorcerer (Vaults:4)
  An iron dragon (Vaults:4)
  5 vault wardens (Vaults:1 Vaults:3 Vaults:4)
  7 frost giants (IceCv Vaults:1 Depths:1)
  An orc warlord (Vaults:4)
  3 ghost moths (Spider:4)
  2 emperor scorpions (Spider:4 Spider:1)
  14 ironheart preservers (Vaults:1 Vaults:2 Vaults:3 Vaults:4)
  9 stone giants (Vaults:1 Vaults:2 Vaults:3 Vaults:4 Depths:1)
  7 very ugly things (Vaults:3 Vaults:4 Depths:1)
  2 war gargoyles (Vaults:2 Vaults:4)
  An entropy weaver (Vaults:3)
  A deep elf annihilator (Vaults:4)
  A dire elephant (D:15)
  2 minotaurs (Gauntlet Vaults:1)
  3 deep elf death magi (Vaults:3 Vaults:4)
  A blizzard demon (Depths:1)
  3 merfolk javelineers (Shoals:4)
  5 ettins (Vaults:4 Depths:1)
  3 merfolk impalers (Shoals:1 Shoals:2 Shoals:3)
  10 yaktaur captains (Vaults:1 Vaults:2 Vaults:3 Vaults:4)
  8 fire dragons (Spider:3 Vaults:1 Vaults:2 Vaults:4 Depths:1)
  2 rakshasas (Vaults:3)
  2 jiangshi (Depths:1)
  6 vault guards (Vaults:4)
  A great orb of eyes (Vaults:1)
  6 hydras (Lair:1 Lair:2 Lair:3 Lair:4 Lair:6)
  6 ice dragons (Vaults:4 Depths:1)
  A catoblepas (Lair:6)
  5 centaur warriors (D:13 D:15 Vaults:1)
  A merfolk avatar (Shoals:1)
  Erica (D:7)
  10 ogre magi (Orc:2 Vaults:1 Vaults:2 Vaults:3 Vaults:4)
  2 merfolk aquamancers (Shoals:3 Shoals:4)
  2 deep troll shamans (Vaults:3 Depths:1)
  4 deep troll earth magi (Vaults:3 Depths:1)
  A satyr (Shoals:3)
  3 death yaks (Lair:4 IceCv Shoals:4)
  A death knight (Vaults:2)
  35 two-headed ogres (D:9 Orc:1 Orc:2 D:12 D:13)
  A tengu warrior (Depths:1)
  A vampire mage (Depths:1)
  Nergalle (D:12)
  4 hell knights (Vaults:2 Vaults:1)
  A deep elf knight (Vaults:4)
  4 iron trolls (Depths:1)
  3 shadow wraiths (Vaults:4)
  6 sea snakes (Shoals:1 Shoals:3 Shoals:4)
  An unseen horror (Depths:1)
  9 deep trolls (Vaults:3 Vaults:4 Depths:1)
  An orange crystal statue (Gauntlet)
  2 glowing orange brains (Vaults:2 Depths:1)
  8 wizards (D:14 Vaults:3 Depths:1)
  7 orc knights (Vaults:1 Vaults:3 Vaults:4)
  4 deep elf archers (Vaults:2 Vaults:3 Vaults:4)
  6 ironbrand convokers (Vaults:1 Vaults:4)
  13 harpies (Shoals:1 Shoals:2 Shoals:3)
  12 orb spiders (Spider:1 Spider:4 Spider:2)
  4 necromancers (Vaults:2 Vaults:4 Depths:1)
  27 wolf spiders (Spider:1 Lair:4 Spider:2 Spider:3 Spider:4)
  15 fauns (Shoals:2 Shoals:3 Shoals:4)
  An oklob plant (Gauntlet)
  16 manticores (Lair:2 Lair:5 D:11 D:12 Shoals:1)
  45 ugly things (D:15 Vaults:1 Vaults:2 Vaults:3 Vaults:4)
  A salamander (D:15)
  6 deep elf magi (Vaults:3 Vaults:4)
  11 cyclopes (D:12 Shoals:2 D:14 D:15 Shoals:4)
  5 orc sorcerers (Orc:2 Vaults:1 Vaults:3)
  4 large abominations (Depths:1)
  A guardian serpent (shapeshifter) (Vaults:3)
  3 black mambas (Lair:4 Lair:5 Lair:6)
  5 merfolk sirens (Shoals:1 Shoals:2 Shoals:3)
  An elephant (Lair:5)
  2 moths of wrath (Lair:4 Spider:2)
  6 vault sentinels (Vaults:1 Vaults:2 Vaults:4)
  3 ice statues (IceCv Depths:1)
  3 gargoyles (D:10 D:13 D:14)
  4 water nymphs (Shoals:2 Shoals:3 Shoals:4)
  3 torpor snails (Lair:4 Lair:5 Spider:2)
  3 kobold demonologists (D:15)
  12 spiny frogs (Lair:1 Lair:2 Lair:3 Lair:4 Lair:6)
  A rime drake (Lair:5)
  A freezing wraith (Vaults:4)
  38 yaktaurs (Vaults:1 Vaults:2 Vaults:3 Vaults:4 Depths:1)
  A yaktaur (shapeshifter) (Vaults:4)
  5 demonic crawlers (Spider:2 Spider:4 Spider:3)
  11 komodo dragons (D:10 Lair:1 Lair:2 Lair:4 Lair:6)
  12 jumping spiders (Lair:4 Spider:1 Spider:2 Spider:4)
  26 merfolk (Shoals:1 Shoals:2 Shoals:3 Shoals:4)
  8 meliai (Lair:4 Lair:5 Spider:3)
  4 ice devils (Depths:1)
  3 queen bees (D:7 Lair:4 Lair:5)
  8 trolls (D:9 D:10 Orc:1 D:12 D:13)
  18 polar bears (Lair:5 IceCv)
  A jumping spider (shapeshifter) (Depths:1)
  6 wind drakes (Shoals:1 Shoals:2 Shoals:3 Shoals:4)
  18 hippogriffs (D:6 D:7 D:10 Lair:2 Lair:3)
  4 hornets (Spider:2 Vaults:2 Vaults:3)
  11 slime creatures (Vaults:1 Vaults:2)
  9 snapping turtles (Spider:3 Shoals:2 Shoals:3 Shoals:4)
  8 dream sheep (Lair:5 Lair:4 Shoals:2 Shoals:4)
  10 blink frogs (Lair:4 Lair:6 Lair:5)
  3 wyverns (Lair:2 D:11 D:12)
  A stone giant simulacrum (Vaults:4)
  A wraith (Crypt:1)
  2 shadows (D:13)
  61 redbacks (Lair:4 Spider:1 Spider:2 Spider:4 Spider:3)
  25 tarantellas (Spider:4 Spider:3 Spider:2 Spider:1)
  12 water elementals (Shoals:1 Shoals:2 Shoals:3 Shoals:4)
  40 yaks (Lair:2 Lair:6 D:12 IceCv)
  2 vampires (D:12 D:13)
  A golden eye (shapeshifter) (Vaults:3)
  A neqoxec (Gauntlet)
  A hungry ghost (D:12)
  7 vampire mosquitoes (D:12 D:15)
  3 basilisks (Lair:4 Lair:5 Lair:6)
  5 chaos spawn (Gauntlet Depths:1)
  An elf skeleton (Vaults:4)
  8 water moccasins (Lair:1 D:10 Lair:2 Lair:3 Lair:5)
  A hell hound (Lair:6)
  32 orc warriors (D:7 D:8 D:11 Orc:1 Orc:2)
  3 acid dragons (Gauntlet Vaults:1 Vaults:2)
  7 porcupines (Lair:2 Lair:3 Lair:4 Lair:5)
  A swamp drake (D:11)
  An ice beast (D:15)
  2 phantoms (D:5 D:12)
  2 black bears (D:7)
  2 sky beasts (D:7 D:10)
  26 wolves (D:10 Lair:1 Lair:2 Lair:5 IceCv)
  45 ogres (D:4 D:3 D:5 D:7 Orc:1)
  15 centaurs (D:6 D:7 D:9 Shoals:2 D:13)
  8 small abominations (Depths:1)
  6 crocodiles (Lair:1 Lair:3 Lair:5 Lair:4 D:12)
  8 big kobolds (D:3 D:7)
  21 bullfrogs (D:6 D:8 D:9 D:10 Lair:1)
  A wyvern zombie (D:7)
  A gnoll sergeant (D:5)
  A glowing shapeshifter simulacrum (Vaults:4)
  3 scorpions (D:4 D:6 D:11)
  13 wights (D:8 D:7 D:13)
  65 killer bees (D:7 D:8 D:9 Lair:4 Lair:5)
  8 electric eels (D:8 D:10 Spider:2 D:14)
  8 crimson imps (D:5 D:7 D:9 D:10 D:13)
  3 lava snakes (Lair:6)
  3 centaur zombies (D:7 D:12 D:14)
  6 centaur skeletons (D:4 D:7 D:8 D:13 D:15)
  5 jellies (D:5 D:7 D:9 D:12)
  26 orc wizards (D:4 D:5 D:7 D:8 D:9)
  10 hounds (D:4 D:5 D:7 D:9 D:10)
  23 orc priests (D:6 D:7 D:9 D:11 Orc:1)
  2 bullfrog skeletons (D:8 D:10)
  5 iguanas (D:4 D:6 D:7 D:9)
  10 worker ants (D:6 D:7 D:9 D:11 D:14)
  A hound skeleton (D:4)
  Robin (D:2)
  A worker ant zombie (D:6)
  20 gnolls (D:3 D:4 D:5 D:7 D:11)
  6 adders (D:2 D:4 D:7 D:9)
  3 shadow imps (D:7 D:10 D:11)
  2 oozes (D:6)
  An adder zombie (D:5)
  3 worms (D:2 D:3 D:5)
  A dart slug (D:1)
  6 leopard geckos (D:2 D:3 D:5 D:7 D:9)
  102 orcs (D:4 D:5 D:6 D:7 D:8)
  9 giant cockroaches (D:1 D:2 D:3 D:5 D:7)
  48 goblins (D:1 D:2 D:3)
  24 hobgoblins (D:2 D:1 D:3)
  4 jackals (D:3)
  4 quokkas (D:3 D:7 D:9 D:10)
  A ball python (D:2)
  11 bats (D:1 D:2 D:3)
  5 frilled lizards (D:1 D:2 D:4)
  16 kobolds (D:1 D:3 D:7 D:15)
  4 leopard gecko skeletons (D:4 D:6)
  4 rats (D:1 D:2 D:3)
  A fungus (Gauntlet)
  22 plants (Shoals:1 Shoals:2 D:14 Gauntlet Shoals:3)
  11 tentacles (Shoals:1 Shoals:2 Shoals:3 Shoals:4)
1523 creatures vanquished.

Vanquished Creatures (others)
  Sojobo (Depths:1)
  Bai Suzhen (Shoals:4)
  The ghost of Muvus the Executioner, an adept DsFi of Uskayaw (Vaults:1)
  The ghost of puimuR the Executioner, an adept BaAK of Lugonu (Shoals:4)
  A titan (Vaults:4)
  A shadow dragon (Vaults:4)
  3 tengu reavers (Vaults:4 Depths:1)
  2 fire giants (Vaults:4 Vaults:3)
  A vault warden (Vaults:4)
  2 ghost moths (Spider:4)
  An orc warlord (Vaults:1)
  An emperor scorpion (Spider:4)
  2 ironheart preservers (Vaults:4)
  A war gargoyle (Vaults:4)
  A stone giant (Vaults:4)
  2 entropy weavers (Spider:1)
  A deep elf annihilator (Vaults:4)
  2 spark wasps (Spider:4)
  3 merfolk impalers (Shoals:4 Vaults:1)
  A merfolk javelineer (Shoals:4)
  An ogre mage (Vaults:4)
  A fire dragon (Lair:6)
  A naga warrior (Vaults:1)
  A catoblepas (Shoals:4)
  An ice dragon (Depths:1)
  2 hydras (Lair:3 Lair:4)
  4 merfolk aquamancers (Shoals:2 Shoals:4)
  A two-headed ogre (Vaults:4)
  3 death yaks (Shoals:4)
  3 satyrs (Shoals:4)
  An ironbrand convoker (Vaults:4)
  A lindwurm (Lair:6)
  A sea snake (Shoals:4)
  7 orb spiders (Spider:1 Spider:4)
  2 fauns (Shoals:4)
  8 wolf spiders (Spider:1)
  A manticore (Shoals:4)
  A moth of wrath (Spider:4)
  3 black mambas (Lair:6)
  2 molten gargoyles (Lair:6)
  An eye of devastation (Vaults:4)
  A spiny frog (Lair:6)
  A yaktaur (Depths:1)
  3 demonic crawlers (Spider:1)
  6 komodo dragons (Lair:6)
  13 jumping spiders (Spider:1)
  A meliai (Lair:5)
  4 hornets (Spider:4)
  2 wind drakes (Shoals:4)
  3 merfolk (Shoals:4)
  A blink frog (Lair:6)
  A snapping turtle (Shoals:4)
  3 water elementals (Shoals:4)
  2 wyverns (Lair:6)
  14 redbacks (Spider:1 Spider:4)
  5 tarantellas (Spider:1)
  A warg (Vaults:4)
  A water moccasin (Lair:6)
  4 hell hounds (Lair:6)
  A floating eye (Vaults:4)
  2 ogres (Orc:2 Vaults:4)
  An electric eel (Spider:1)
  2 lava snakes (Lair:6)
  An orc wizard (D:7)
  An orc (Orc:2)
  A bush (Lair:2)
  9 fungi (Lair:1 Lair:2 Lair:4 Lair:6 Lair:5)
  42 plants (Lair:2 Lair:4 D:14 Shoals:4)
  41 starspawn tentacles (Lair:6 Spider:4 Shoals:4 Vaults:1 Vaults:4)
  17 tentacles (Shoals:1 Shoals:2 Shoals:3 Shoals:4)
  2 withered plants (Gauntlet)
261 creatures vanquished.

Grand Total: 1784 creatures vanquished

Notes
Turn   | Place    | Note
-------+----------+-------------------------------------------
     0 | Abyss:1  | Monsterracer the Gargoyle Abyssal Knight began the quest
                  | for the Orb.
     0 | Abyss:1  | Reached XP level 1. HP: 14/14 MP: 2/2
    37 | D:1      | Escaped the Abyss
   219 | D:1      | HP: 7/14 [dart slug/slug dart (3)]
   220 | D:1      | Reached XP level 2. HP: 10/19 MP: 3/3
  1084 | D:2      | Noticed Sigmund
  1254 | D:2      | Noticed Robin
  1256 | D:2      | Reached XP level 3. HP: 17/23 MP: 4/4
  1271 | D:2      | Killed Robin
  1437 | D:2      | Reached ** piety under Lugonu
  1616 | D:2      | Reached XP level 4. HP: 27/28 MP: 5/5
  1756 | D:2      | HP: 11/28 [something/magic dart (7)]
  1799 | D:2      | HP: 11/28 [Sigmund/+0 scythe (4)]
  1827 | D:2      | HP: 12/28 [Sigmund/puff of flame (2)]
  2122 | D:2      | Found a snail-covered altar of Cheibriados.
  2165 | D:2      | Found a basalt altar of Yredelemnul.
  2498 | D:3      | Found a shimmering blue altar of Sif Muna.
  2503 | D:3      | Found a white marble altar of Elyvilon.
  3214 | D:3      | Reached *** piety under Lugonu
  3332 | D:3      | Reached XP level 5. HP: 31/32 MP: 6/6
  3438 | D:3      | Noticed a big kobold
  3438 | D:3      | Noticed a big kobold
  3438 | D:3      | Noticed a big kobold
  3438 | D:3      | Noticed a big kobold
  3440 | D:3      | Noticed a big kobold
  3500 | D:3      | Killed a big kobold
  3500 | D:3      | Reached skill level 5 in Maces & Flails
  3516 | D:3      | Killed a big kobold
  3516 | D:3      | Reached XP level 6. HP: 38/38 MP: 6/8
  3538 | D:3      | HP: 19/38 [big kobold (1)]
  3549 | D:3      | Reached skill level 4 in Fighting
  3550 | D:3      | HP: 19/38 [big kobold/cursed +0 whip (1)]
  3555 | D:3      | HP: 19/38 [big kobold/cursed +0 whip (1)]
  3561 | D:3      | HP: 17/38 [big kobold/cursed +0 whip (2)]
  3656 | D:3      | Reached XP level 7. HP: 31/44 MP: 9/9
  3858 | D:3      | Reached **** piety under Lugonu
  4569 | D:4      | Found the +18 shield of the Gong {rElec rN+ MR+ EV-5}
  4676 | D:4      | Reached ***** piety under Lugonu
  4703 | D:4      | HP: 19/44 [ogre/+0 giant club (12)]
  4707 | D:4      | Reached skill level 5 in Fighting
  4707 | D:4      | Reached skill level 1 in Shields
  4707 | D:4      | Reached XP level 8. HP: 22/49 MP: 11/11
  5228 | D:4      | Found Huijunen's Assorted Antiques.
  5237 | D:4      | Bought a pair of runed boots for 217 gold pieces
  5247 | D:4      | Identified a +1 pair of boots of running (You bought it in
                  | a shop on level 4 of the Dungeon)
  5489 | D:4      | Found a shimmering altar of Xom.
  5593 | D:5      | Entered Level 5 of the Dungeon
  5791 | D:5      | Reached skill level 5 in Armour
  6239 | D:6      | Reached skill level 5 in Invocations
  6242 | D:6      | Found a staircase to the Ecumenical Temple.
  6354 | D:6      | Reached XP level 9. HP: 48/55 MP: 12/12
  6569 | D:6      | Reached skill level 6 in Fighting
  7360 | D:6      | Learned a level 2 spell: Blink
  7362 | D:6      | Learned a level 1 spell: Summon Butterflies
  7482 | D:7      | HP: 24/55 [hippogriff (5)]
  7498 | D:6      | HP: 20/55 [hippogriff (4)]
  8536 | D:8      | Noticed Erica
  8583 | D:7      | Reached XP level 10. HP: 49/61 MP: 14/14
  8639 | D:7      | HP: 24/61 [Erica/orb of energy (19)]
  8643 | D:7      | Killed Erica
  8643 | D:7      | Reached skill level 7 in Fighting
  8643 | D:7      | Reached skill level 5 in Shields
  9091 | D:7      | Reached ****** piety under Lugonu
  9406 | D:7      | Reached skill level 10 in Maces & Flails
  9674 | D:8      | HP: 30/63 [orc warrior/+0 hand axe (3)]
 10386 | D:9      | Found Behutz's Book Shop.
 10407 | D:9      | Noticed a two-headed ogre
 10416 | D:9      | Killed a two-headed ogre
 10416 | D:9      | Reached skill level 8 in Fighting
 10416 | D:9      | Reached XP level 11. HP: 57/68 MP: 16/16
 10677 | D:9      | HP: 31/68 [something/puff of flame (9)]
 10688 | D:9      | HP: 21/68 [orc priest/divine providence (13)]
 10743 | D:9      | HP: 20/68 [orc priest/divine providence (12)]
 11074 | D:9      | Found Xuesyoc's General Store.
 11189 | D:10     | Entered Level 10 of the Dungeon
 11398 | D:10     | Found a staircase to the Lair.
 12296 | D:9      | Bought a potion of heal wounds for 65 gold pieces
 12325 | Lair:1   | Entered Level 1 of the Lair of Beasts
 12437 | D:10     | HP: 31/69 [komodo dragon (11)]
 12709 | Lair:1   | Noticed a seven-headed hydra
 12720 | Lair:1   | Killed a seven-headed hydra
 13013 | Lair:1   | Noticed an oklob plant
 13486 | D:9      | Bought a +4 scale mail of cold resistance for 403 gold
                  | pieces
 13672 | Lair:2   | Noticed a four-headed hydra
 13688 | Lair:2   | HP: 32/69 [four-headed hydra (6)]
 13690 | Lair:2   | Killed a four-headed hydra
 13690 | Lair:2   | Reached skill level 9 in Fighting
 13690 | Lair:2   | Reached skill level 1 in Dodging
 13706 | Lair:2   | HP: 33/71 [wyvern (1)]
 13967 | Lair:2   | Noticed a manticore
 13978 | Lair:2   | Killed a manticore
 13978 | Lair:2   | Reached XP level 12. HP: 75/76 MP: 18/18
 14226 | Lair:2   | Got a steaming robe
 14458 | Lair:2   | Found a runed translucent door.
 14458 | Lair:2   | Found a shimmering altar of Xom.
 14458 | Lair:2   | Noticed Reubyar's ghost (journeyman MiBe)
 15253 | Lair:2   | Found a staircase to the Shoals.
 15484 | Lair:3   | Noticed a seven-headed hydra
 15495 | Lair:2   | HP: 29/76 [seven-headed hydra (11)]
 15496 | Lair:2   | Killed a seven-headed hydra
 15751 | Lair:3   | Noticed an eight-headed hydra
 15756 | Lair:3   | Banished an eight-headed hydra
 15810 | Lair:3   | Noticed a seven-headed hydra
 15829 | Lair:3   | Killed a seven-headed hydra
 16727 | Lair:4   | Noticed a five-headed hydra
 16747 | Lair:4   | Killed a five-headed hydra
 16838 | Lair:4   | Reached skill level 10 in Fighting
 16838 | Lair:4   | Reached XP level 13. HP: 63/82 MP: 20/20
 17392 | Lair:4   | Found a hole to the Spider Nest.
 17395 | Lair:4   | Learned a level 1 spell: Apportation
 17996 | Lair:4   | Got a bloodstained battleaxe
 18480 | Lair:4   | Reached skill level 1 in Evocations
 18787 | Lair:5   | Reached skill level 10 in Armour
 18862 | Lair:5   | You fall into a shaft and drop 1 floor!
 18862 | Lair:6   | Entered Level 6 of the Lair of Beasts
 18862 | Lair:6   | Found a large runed translucent door.
 18862 | Lair:6   | Found a large runed translucent door.
 18863 | Lair:6   | Noticed a fire dragon
 18864 | Lair:6   | Corrupted Lair:6
 18864 | Lair:6   | Noticed a tentacled starspawn
 18878 | Lair:6   | Killed a fire dragon
 18884 | Lair:6   | Noticed a tentacled starspawn
 18889 | Lair:6   | Noticed an ironheart preserver
 19031 | Lair:6   | Reached skill level 10 in Invocations
 19139 | Lair:6   | Found a white marble altar of Elyvilon.
 20658 | Lair:4   | HP: 37/83 [seven-headed hydra (8)]
 20663 | Lair:4   | HP: 35/83 [seven-headed hydra (2)]
 20665 | Lair:4   | HP: 17/83 [seven-headed hydra (1)]
 21093 | Lair:5   | HP: 30/83 [meliai/divine providence (12)]
 21730 | Lair:5   | Gained mutation: Your large and strong wings let you fly
                  | indefinitely. [Gargoyle growth]
 21730 | Lair:5   | Reached XP level 14. HP: 88/88 MP: 21/21
 21986 | Lair:5   | Found a staircase to the Slime Pits.
 22783 | Spider:1 | Entered Level 1 of the Spider Nest
 22807 | Spider:1 | Corrupted Spider:1
 22807 | Spider:1 | Noticed a starcursed mass
 22807 | Spider:1 | Noticed a cacodemon
 22838 | Spider:1 | Noticed a starcursed mass
 22858 | Spider:1 | Killed an entropy weaver
 22939 | Lair:4   | HP: 38/88 [wolf spider (14)]
 22948 | Lair:4   | HP: 24/88 [wolf spider (15)]
 23411 | Lair:4   | Identified the +5 battleaxe of Spores {speed, Str+4} (You
                  | found it on level 4 of the Lair of Beasts)
 24079 | D:11     | Reached skill level 1 in Axes
 24094 | D:11     | Found a staircase to the Orcish Mines.
 24499 | Orc:1    | Entered Level 1 of the Orcish Mines
 24505 | Orc:1    | Found Qyph's Armour Shoppe.
 25067 | Orc:2    | Entered Level 2 of the Orcish Mines
 25160 | Orc:2    | HP: 32/88 [ogre/cursed -1 giant club (19)]
 25161 | Orc:2    | HP: 9/88 [ogre/cursed -1 giant club (15)]
 25783 | Orc:1    | Reached skill level 5 in Axes
 26401 | Orc:2    | Found Synyseum's Antique Armour Emporium.
 26401 | Orc:2    | Found Enyfutro's Assorted Antiques.
 26480 | Orc:2    | Found Daema's Jewellery Shop.
 26480 | Orc:2    | Found Foess's Assorted Antiques.
 26598 | Orc:2    | Found a staircase to the Elven Halls.
 26610 | Orc:2    | Found a roughly hewn altar of Beogh.
 27366 | D:12     | Noticed Nergalle
 27383 | D:12     | Killed Nergalle
 27566 | D:12     | Found a frozen archway.
 27579 | IceCv    | Entered an ice cave
 27756 | IceCv    | Reached XP level 15. HP: 73/93 MP: 22/22
 28043 | IceCv    | Reached skill level 10 in Axes
 28492 | IceCv    | Noticed a frost giant
 28505 | IceCv    | Killed a frost giant
 28585 | IceCv    | Identified Jitzamaa's Volume of the Glacier
 29829 | Spider:1 | HP: 42/93 [entropy weaver (9)]
 29834 | Spider:1 | HP: 24/93 [entropy weaver (2)]
 30292 | Spider:4 | Entered Level 4 of the Spider Nest
 30303 | Spider:4 | HP: 41/93 [snapping turtle (10)]
 30526 | Spider:3 | HP: 35/93 [snapping turtle (16)]
 30797 | Spider:4 | Noticed an emperor scorpion
 30802 | Spider:4 | Banished an emperor scorpion
 31274 | Spider:4 | Killed a ghost moth
 31302 | Spider:4 | HP: 44/93 [disintegration (17)]
 31808 | Spider:4 | Killed a ghost moth
 32509 | Spider:4 | Reached XP level 16. HP: 62/99 MP: 23/23
 32712 | Spider:4 | HP: 48/99 [tarantella (10)]
 32716 | Spider:4 | HP: 19/99 [tarantella (7)]
 32721 | Spider:4 | HP: 8/99 [tarantella (12)]
 32743 | Spider:4 | HP: 34/99 [demonic crawler (7)]
 32914 | Spider:4 | Reached skill level 5 in Dodging
 33193 | Spider:4 | Reached skill level 11 in Fighting
 33674 | Spider:4 | Corrupted Spider:4
 33675 | Spider:4 | Noticed a tentacled starspawn
 33689 | Spider:4 | Noticed a tentacled starspawn
 33721 | Spider:4 | Got a gossamer rune of Zot
 33721 | Spider:4 | Noticed a white draconian monk
 33802 | Spider:3 | HP: 48/100 [spark wasp (4)]
 33819 | Spider:3 | HP: 37/100 [tarantella (11)]
 34826 | Spider:2 | Got a crude leather armour
 35114 | Spider:2 | HP: 48/100 [disintegration (25)]
 35119 | Spider:2 | HP: 39/100 [disintegration (10)]
 35781 | Spider:1 | HP: 50/100 [wolf spider (3)]
 35789 | Spider:1 | HP: 48/100 [emperor scorpion (1)]
 35805 | Spider:1 | HP: 42/100 [redback (4)]
 36185 | Spider:1 | Got a bloodstained scale mail
 36260 | Spider:1 | Identified the +6 scale mail "Ufubiynt" {*Contam rElec MP+9
                  | Int+5} (You found it on level 1 of the Spider Nest)
 36691 | Orc:2    | Bought a scroll of teleportation for 60 gold pieces
 36691 | Orc:2    | Bought a pair of faintly glowing boots for 190 gold pieces
 36691 | Orc:2    | Bought a scroll of identify for 40 gold pieces
 36691 | Orc:2    | Bought a scroll labeled NEEG FOTUTAET for 20 gold pieces
 36691 | Orc:2    | Bought a vibrating steel ring for 100 gold pieces
 36691 | Orc:2    | Bought a scroll of enchant armour for 150 gold pieces
 36703 | Orc:2    | Identified the +3 pair of boots "Diro" {rN+ Int+4 Dex+3}
                  | (You bought it in a shop on level 2 of the Orcish Mines)
 36718 | Orc:2    | Identified the ring of Uhacobb {rPois MR+ Int-5 Dex+2} (You
                  | bought it in a shop on level 2 of the Orcish Mines)
 36723 | Orc:2    | Bought a potion of might for 108 gold pieces
 36723 | Orc:2    | Bought a scroll of identify for 54 gold pieces
 36723 | Orc:2    | Bought a scroll of teleportation for 81 gold pieces
 36723 | Orc:2    | Bought a scroll of fear for 94 gold pieces
 36723 | Orc:2    | Bought a potion of curing for 81 gold pieces
 36723 | Orc:2    | Bought 2 scrolls of identify for 108 gold pieces
 36730 | Orc:2    | Bought an ancient chain mail for 247 gold pieces
 36741 | Orc:2    | Identified the +6 chain mail of Spring Thaw {+Inv +Fly
                  | Int+4 Stlth+} (You bought it in a shop on level 2 of the
                  | Orcish Mines)
 37005 | D:9      | Bought a potion of agility for 52 gold pieces
 37005 | D:9      | Bought a scroll of enchant armour for 97 gold pieces
 37005 | D:9      | Bought a scroll of silence for 97 gold pieces
 37101 | D:4      | Bought 3 scrolls labeled QEJUTRETREB for 87 gold pieces
 37253 | Shoals:1 | Entered Level 1 of the Shoals
 37253 | Shoals:1 | Noticed a kraken
 37265 | Shoals:1 | Killed a kraken
 37392 | Shoals:1 | Noticed Donald
 37411 | Shoals:1 | Killed Donald
 37896 | Shoals:1 | HP: 46/100 [harpy (9)]
 37933 | Shoals:1 | HP: 50/101 [manticore/volley of spikes (3)]
 37988 | Shoals:1 | Got a pitted hunting sling
 39188 | Shoals:2 | Reached XP level 17. HP: 106/106 MP: 25/25
 39352 | Shoals:2 | Reached skill level 12 in Fighting
 39438 | Shoals:2 | Noticed a kraken
 39450 | Shoals:2 | Killed a kraken
 39854 | Shoals:2 | Found a sparkling altar of Nemelex Xobeh.
 39857 | Shoals:2 | Noticed a kraken
 39872 | Shoals:2 | Killed a kraken
 40686 | D:13     | Found a gate to the Vaults.
 41602 | D:15     | Entered Level 15 of the Dungeon
 41618 | D:15     | Noticed Nessos
 41627 | D:15     | Reached skill level 15 in Axes
 41633 | D:15     | Banished Nessos
 41808 | D:15     | Found a shadowy altar of Dithmenos.
 41890 | D:15     | Found a staircase to the Depths.
 42115 | D:15     | Found a gate leading to a gauntlet.
 42121 | Gauntlet | Entered a Gauntlet
 42121 | Gauntlet | Found a transporter.
 42135 | Gauntlet | Found a transporter.
 42145 | Gauntlet | Found a transporter.
 42150 | Gauntlet | Found a transporter.
 42166 | Gauntlet | Found a transporter.
 42185 | Gauntlet | Found a transporter.
 42197 | Gauntlet | Found a transporter.
 42203 | Gauntlet | Found a transporter.
 42218 | Gauntlet | Found a transporter.
 42230 | Gauntlet | Found a transporter.
 42242 | Gauntlet | Found a transporter.
 42259 | Gauntlet | Found a transporter.
 42259 | Gauntlet | Found a transporter.
 42279 | Gauntlet | Found a transporter.
 42366 | Gauntlet | Found a transporter.
 42368 | Gauntlet | Found a runed translucent gate.
 42368 | Gauntlet | Found a runed translucent gate.
 42368 | Gauntlet | Found a runed translucent gate.
 42371 | Gauntlet | Found a large runed translucent door.
 42371 | Gauntlet | Found a large runed translucent door.
 42371 | Gauntlet | Found a large runed translucent door.
 42371 | Gauntlet | Found a large runed translucent door.
 42374 | Gauntlet | Found a large runed translucent door.
 42374 | Gauntlet | Found a large runed translucent door.
 42375 | Gauntlet | Found a large runed translucent door.
 42375 | Gauntlet | Found a large runed translucent door.
 42378 | Gauntlet | Found a large runed translucent door.
 42378 | Gauntlet | Found a large runed translucent door.
 42378 | Gauntlet | Found a runed translucent door.
 42378 | Gauntlet | Found a runed translucent door.
 42379 | Gauntlet | Found a large runed translucent door.
 42380 | Gauntlet | Found a large runed translucent door.
 42389 | Gauntlet | Found a large runed translucent door.
 42389 | Gauntlet | Found a large runed translucent door.
 42390 | Gauntlet | Found a large runed translucent door.
 42405 | Gauntlet | Found a transporter.
 42407 | Gauntlet | Found a transporter.
 42425 | Gauntlet | Found a large runed translucent door.
 42458 | Gauntlet | Found a transporter.
 42599 | Gauntlet | Got a scorched amber ring
 42607 | Gauntlet | Got a shimmering chain mail
 42609 | Gauntlet | Got a twitching amber ring
 42611 | Gauntlet | Identified the cursed ring of Gluttony {rF+ Int-3 Slay+2}
                  | (You found it in a Gauntlet)
 42613 | Gauntlet | Identified the ring of Irrepressible Laughter {Int+4 Dex+6}
                  | (You found it in a Gauntlet)
 42661 | Gauntlet | Reached skill level 5 in Evocations
 42669 | Gauntlet | Got a pair of twisted boots
 42684 | Gauntlet | Identified the cursed +0 pair of boots of Jibal {+Inv rF+
                  | Str+4} (You found it in a Gauntlet)
 42689 | Gauntlet | Got a wizard robe
 42716 | D:15     | Identified the cursed +0 chain mail of the Circus Animal
                  | {rElec MR++ Str-5 Slay+3} (You found it in a Gauntlet)
 43787 | Shoals:3 | Noticed a kraken
 43795 | Shoals:3 | Killed a kraken
 44107 | Shoals:4 | Entered Level 4 of the Shoals
 44235 | Shoals:4 | Identified Teuch's Tome of Helpful Ignition
 44253 | Shoals:4 | Found a runed translucent door.
 44253 | Shoals:4 | Noticed puimuR's ghost (adept BaAK)
 44271 | Shoals:4 | Noticed Polyphemus
 44280 | Shoals:4 | Reached XP level 18. HP: 65/113 MP: 15/27
 44281 | Shoals:4 | HP: 53/113 [Polyphemus (13)]
 44286 | Shoals:4 | HP: 22/113 [Polyphemus (6)]
 44287 | Shoals:4 | HP: 9/113 [Polyphemus (8)]
 44297 | Shoals:4 | HP: 41/113 [sea snake (1)]
 44514 | Shoals:4 | Got a steaming short sword
 44538 | Shoals:4 | Got a scorched steel ring
 44540 | Shoals:4 | Identified the cursed ring "Ykhoegar" {rElec rPois Str-3
                  | Stlth+} (You found it on level 4 of the Shoals)
 44588 | Shoals:4 | HP: 46/113 [Polyphemus/large rock (31)]
 44591 | Shoals:4 | Banished Polyphemus
 44597 | Shoals:4 | HP: 19/113 [merfolk javelineer/javelin (8)]
 44755 | Shoals:4 | Reached skill level 13 in Fighting
 45075 | Shoals:4 | HP: 53/114 [puimuR's ghost (21)]
 45107 | Shoals:4 | Corrupted Shoals:4
 45108 | Shoals:4 | HP: 56/114 [manticore (1)]
 45113 | Shoals:4 | Banished puimuR's ghost
 45117 | Shoals:4 | HP: 56/114 [thrashing horror[Lugonu's corruption] (5)]
 45132 | Shoals:4 | Noticed Bai Suzhen
 45150 | Shoals:4 | Killed Bai Suzhen
 45170 | Shoals:4 | Got a barnacled rune of Zot
 45477 | Shoals:4 | HP: 55/114 [kraken (18)]
 45483 | Shoals:4 | HP: 53/114 [tentacle[a kraken] (4)]
 45933 | Vaults:1 | Entered Level 1 of the Vaults
 46115 | Vaults:1 | Found Ettazxiwk's Magic Scroll Emporium.
 46115 | Vaults:1 | Found Zalodoih's Weapon Emporium.
 46134 | Vaults:1 | Noticed a lich
 46146 | Vaults:1 | Killed a lich
 46453 | Orc:1    | Bought a +2 shield of resistance for 539 gold pieces
 46734 | Vaults:1 | Reached skill level 10 in Shields
 46782 | Vaults:1 | Found Ucoosege's Book Boutique.
 46948 | Vaults:1 | Found Badasuics's Book Emporium.
 47220 | Vaults:1 | HP: 48/115 [minotaur (14)]
 47223 | Vaults:1 | HP: 12/115 [minotaur (24)]
 47423 | Vaults:1 | Found a runed translucent gate.
 47423 | Vaults:1 | Found a runed translucent gate.
 47423 | Vaults:1 | Found a runed translucent gate.
 47756 | Vaults:1 | Noticed Muvus's ghost (adept DsFi)
 47758 | Vaults:1 | Found an iron altar of Okawaru.
 47792 | Vaults:1 | HP: 43/115 [Muvus's ghost (18)]
 47798 | Vaults:1 | HP: 31/115 [orc warlord/+0 great sword of slicing (16)]
 47847 | Vaults:1 | Corrupted Vaults:1
 47855 | Vaults:1 | Noticed a lich
 47861 | Vaults:1 | Killed Muvus's ghost
 47926 | Vaults:1 | Got a jewelled cloak
 47927 | Vaults:1 | Identified Tuigusch's Compendium of Poisonous Conjuration
 47939 | Vaults:1 | Identified the +2 cloak of Wuahoij {Str+5} (You found it on
                  | level 1 of the Vaults)
 48055 | Vaults:2 | Noticed Margery
 48078 | Vaults:2 | HP: 48/116 [Margery/+3 demon whip of flaming (14)]
 48224 | Vaults:2 | Reached XP level 19. HP: 120/120 MP: 29/29
 48233 | Vaults:2 | Killed Margery
 48483 | Vaults:2 | Reached skill level 14 in Fighting
 49686 | Vaults:3 | HP: 57/122 [deep troll[an ironheart preserver] (11)]
 50076 | Vaults:3 | HP: 61/122 [yaktaur/cursed -3 arbalest[a yaktaur captain]
                  | (9)]
 50084 | Vaults:3 | HP: 61/122 [yaktaur captain (2)]
 50204 | Vaults:3 | Found a staircase to the Crypt.
 50204 | Vaults:3 | Found a basalt altar of Yredelemnul.
 50205 | Vaults:3 | Found an ancient bone altar of Kikubaaqudgha.
 50716 | Vaults:3 | Reached skill level 15 in Fighting
 51380 | Vaults:4 | Reached skill level 15 in Armour
 51503 | Vaults:4 | Reached XP level 20. HP: 107/129 MP: 30/30
 51659 | Vaults:4 | Got a transparent ring mail
 51660 | Vaults:4 | Identified the cursed +0 ring mail of Hemuun {+Blink rPois}
                  | (You found it on level 4 of the Vaults)
 51674 | Vaults:4 | HP: 41/130 [deep elf annihilator/crystal spear[an ironheart
                  | preserver] (55)]
 52460 | Vaults:4 | Found Giec But's Food Shop.
 52745 | Vaults:4 | Reached skill level 16 in Fighting
 52891 | Vaults:4 | HP: 45/131 [deep elf annihilator/iron shot (35)]
 52894 | Vaults:4 | Corrupted Vaults:4
 52900 | Vaults:4 | HP: 44/131 [worldbinder[Lugonu's corruption] (2)]
 53112 | Vaults:4 | HP: 65/131 [orc warrior/+4 bardiche of distortion[an orc
                  | knight] (2)]
 53117 | Vaults:4 | HP: 33/131 [iron dragon (1)]
 53173 | Vaults:3 | HP: 49/131 [fire giant/bolt of fire (13)]
 53179 | Vaults:3 | HP: 36/131 [fire giant/fireball (9)]
 53368 | Crypt:1  | Entered Level 1 of the Crypt
 53644 | Vaults:4 | Got a fine demon trident
 53652 | Vaults:4 | Identified the +0 demon trident of Reapportionment {venom,
                  | *Drain rF+++ Dex+4} (You found it on level 4 of the Vaults)
 53834 | Vaults:4 | HP: 63/132 [deep elf archer/+1 short sword of protection[an
                  | ironheart preserver] (9)]
 54194 | Depths:1 | Entered Level 1 of the Depths
 54201 | Depths:1 | Paralysed by a floating eye for 4 turns
 54323 | Depths:1 | HP: 62/132 [ettin/+0 dire flail (15)]
 54465 | Depths:1 | Noticed Sojobo
 54490 | Depths:1 | Corrupted Depths:1
 54490 | Depths:1 | HP: 63/132 [acid[Sojobo] (7)]
 54495 | Depths:1 | HP: 59/132 [tengu reaver/bolt of lightning[Sojobo] (5)]
 54508 | Depths:1 | Killed Sojobo
 54746 | Depths:1 | Reached XP level 21. HP: 137/137 MP: 31/31
 54966 | Depths:1 | Found a gateway to Hell.
 55034 | Depths:1 | Found a one-way gate to the infinite horrors of the Abyss.
 55134 | Depths:1 | Reached skill level 17 in Fighting
 55459 | Depths:1 | HP: 67/139 [ice dragon (10)]
 55468 | Depths:1 | HP: 57/139 [tengu reaver/+1 broad axe of draining (11)]
 55637 | Depths:1 | Got a dazzling long sword
 56137 | Depths:1 | Identified a scroll of acquirement
 56161 | Depths:1 | HP: 58/139 [frost giant/bolt of cold (14)]
 56165 | Depths:1 | HP: 20/139 [frost giant/bolt of cold (22)]
 56166 | Depths:1 | HP: 3/139 [frost giant/bolt of cold (17)]
 56171 | Depths:1 | HP: 31/139 [frost giant/bolt of cold (3)]
 56249 | Depths:1 | HP: 68/139 [ice dragon/blast of cold (7)]
 56319 | Depths:1 | Noticed an ancient lich
 56339 | Depths:1 | Killed an ancient lich
 56626 | Depths:1 | Got a sparkling bone amulet
 56628 | Depths:1 | Identified the amulet "Ureuxix" {+Rage rN++} (You found it
                  | on level 1 of the Depths)
 56703 | Depths:1 | Got a dazzling cloak
 56714 | Depths:1 | Identified the +1 cloak of Ocoiq {*Contam rN+ Int+5} (You
                  | acquired it on level 1 of the Depths)
 56828 | Depths:2 | Noticed a caustic shrike
 56828 | Depths:2 | Noticed a caustic shrike
 56837 | Depths:1 | HP: 68/140 [acid (4)]
 56843 | Depths:1 | HP: 51/140 [caustic shrike (6)]
 56845 | Depths:1 | HP: 15/140 [caustic shrike (15)]
 56846 | Depths:1 | HP: 3/140 [ice dragon/blast of cold (9)]
 56851 | Depths:1 | HP: 6/140 [caustic shrike (1)]
 56851 | Depths:1 | Slain by a caustic shrike

Levels and vault maps discovered:
D:1:      arrival_zaba_pyramid, layout_basic, corexii_item_surrounded_by_moat,
          minmay_crystal_room
D:2:      layout_loops_ring, lemuel_doored_altar, yredelemnul_altar_generic,
          uniq_robin, uniq_sigmund
D:3:      minmay_goblin_kobold_castle, layout_basic, grunt_temple_overflow_open
D:4:      layout_loops_ring, lemuel_crystal_altar, serial_shops, shop_fountains,
          first_ration, minmay_a_box_with_orc_wizards_in_it
D:5:      layout_loops_ring
D:6:      layout_layer_cave, minmay_temple_entry_slanted
D:7:      layout_loops_ring, kennysheep_generic_room_16
D:8:      layout_rooms, david_nohive_1, lightli_minifort, uniq_erica
D:9:      layout_roguey, serial_shops, nicolae_shop_stone, shop
D:10:     layout_loops_cross, erik_lair_island
D:11:     layout_layer_cave, erik_orc_1, kennysheep_generic_room_3
D:12:     wander_river, layout_rooms, portal_ice_cave_entry_pillars_2,
          uniq_nergalle
D:13:     layout_long_grid, david_vaults_1
D:14:     layout_roguey, serial_bayou_lagoon_a
D:15:     hangedman_depths_entry_try_elsewhere_first, layout_loops_ring,
          nicolae_dithmenos_through_a_glass_darkly, gauntlet_entry_generic,
          uniq_nessos
Lair:1:   layout_misc_corridors, minmay_lair_oklob_bushes, columned_hall_lemuel,
          serial_bayou_pond_e, beast_lair_carwin_3, serial_bayou_shore_b,
          grunt_megastairs_5
Lair:2:   layout_layer_cave, minmay_shoals_entry_beasts, ebering_ghost_xom
Lair:3:   layout_regular_city, st_stairs_12, lemuel_fruit_fields,
          serial_bayou_shore_b
Lair:4:   layout_cave_pods, spider_nest_entry_a, special_room
          [special_room_bee], grunt_megastairs_1, serial_bayou_shore_a,
          lemuel_fruit_tree
Lair:5:   regret_index_combs_of_tragedy, layout_regular_city,
          dpeg_slime_entry_corner
Lair:6:   cheibrodos_lair_end_hotspot, layout_misc_corridors, basic_altar
Shoals:1: layout_shoals, uniq_donald
Shoals:2: layout_shoals, wheals_shoals_ruined_temple
Shoals:3: layout_shoals, nicolae_shoals_loop_pool
Shoals:4: shoals_end_grunt_garden, layout_shoals, ebering_ghost_inner_flame,
          uniq_polyphemus, uniq_bai_suzhen
Spider:1: layout_spider_delve
Spider:2: layout_spider_delve, drop_trap, nicolae_spider_cling_halls
Spider:3: layout_spider_delve
Spider:4: spider_rune_water
Orc:1:    layout_diamond_mine, serial_shops, shop, enter_volcano_1
Orc:2:    st_orc_ogre_mass, layout_caves, basic_altar, rock_pile
Vaults:1: gammafunk_vaults_ghost_fury_of_okawaru,
          nicolae_vaults_little_squares_6, hangedman_vaults_hard_town_square,
          hangedman_vaults_cutoff, nicolae_vaults_little_squares_5,
          vaults_dpeg_diagonal, layout_vaults_chaotic_city, serial_shops,
          shop_fountains
Vaults:2: nicolae_vaults_lopsided_apartments, v_misc_17,
          nicolae_vaults_little_squares_3, nicolae_vaults_little_squares_6,
          v_misc_33, v_misc_22, nicolae_vaults_little_squares_6,
          vaults_room_pool, hangedman_vaults_capsules, vaults_room_pool,
          layout_vaults_omnicross, uniq_margery
Vaults:3: vaults_dpeg_ring, minmay_crypt_entry_necro_gods, v_misc_8,
          hangedman_vaults_nails, vaults_room_fours, nicolae_vaults_what_the_h,
          layout_vaults_omnigrid
Vaults:4: nicolae_vaults_network_star, st_greater_box_4, nicolae_vaults_theta,
          v_pattern_1, v_alt_pattern_1, nicolae_vaults_circle_grid_a,
          nicolae_vaults_little_squares_3, nicolae_vaults_twisting_passages,
          grunt_vaults_hallway_long, v_misc_3, layout_vaults_omnibox,
          serial_shops, nicolae_shop_behind_doors,
          lightli_enter_wizlab_magi_temple
Crypt:1:  layout_misc_corridors, ebering_ghost_xom
Depths:1: cheibrodos_cascadia, layout_basic, minmay_room_of_horrors, hell_entry,
          chequers_decorated_corner, minmay_hollow_rounded_squares, uniq_sojobo
Depths:2: minmay_triangles_in_corner, layout_cave_pools, hell_entry,
          moated_statue, grunt_pan_entry_sceptre, uniq_mara

Skill      XL: |  1  2  3  4  5  6  7  8  9 10 11 12 13 14 15 16 17 18 19 20 21 |
---------------+----------------------------------------------------------------+-----
Maces & Flails | 3 4 5 6 7 9 10 11 12 13 | 13.8
Armour         | 3 4 5 6 7 8 9 10 11 12 13 15 16 | 16.8
Fighting       | 4 5 6 8 9 10 11 12 13 15 16 17 | 17.6
Invocations    | 3 4 5 6 7 8 9 10 11 12 13 14 | 14.0
Shields        | 1 3 4 6 7 8 9 10 12 14 | 14.7
Dodging        | 1 3 4 5 6 7 |  7.2
Evocations     | 2 3 5 |  5.0
Axes           | 9 13 14 15 16 | 16.5

Action                   |  1- 3 |  4- 6 |  7- 9 | 10-12 | 13-15 | 16-18 | 19-21 || total
-------------------------+-------+-------+-------+-------+-------+-------+-------++-------
Melee: Mace              |   123 |   250 |       |       |       |       |       ||   373
       Flail             |       |    23 |   684 |   128 |       |       |       ||   835
       Morningstar       |       |       |       |  1272 |  1126 |       |       ||  2398
       Battleaxe         |       |       |       |       |  1066 |  1472 |       ||  2538
       Broad axe         |       |       |       |       |       |   174 |  1177 ||  1351
Invok: Banish            |       |       |       |     1 |     6 |     4 |     5 ||    16
       Corrupt           |       |       |       |       |     2 |     3 |     2 ||     7
       Bend Space        |       |       |       |       |     2 |       |       ||     2
 Abil: Fly               |       |       |       |       |     1 |       |       ||     1
Evoke: Wand              |       |       |       |       |     4 |     1 |       ||     5
       Lamp of fire      |       |       |       |       |       |       |     1 ||     1
  Use: Scroll            |       |       |       |       |       |    41 |     9 ||    50
       Potion            |       |       |       |       |       |     5 |     1 ||     6
 Stab: Petrified         |       |       |       |       |     3 |       |       ||     3
  Eat: Chunk             |     3 |     5 |    16 |    20 |    33 |    35 |    27 ||   139
       Ration            |       |       |     1 |     2 |     7 |     5 |     1 ||    16
Armor: Leather armour    |     7 |       |       |       |       |       |       ||     7
       Plate armour      |    96 |   304 |   450 |   477 |       |       |       ||  1327
       Scale mail        |       |       |       |   175 |  1139 |   287 |       ||  1601
       Chain mail        |       |       |       |       |       |   843 |   580 ||  1423
       Skin              |       |       |       |       |       |       |     3 ||     3
Dodge: Dodged            |    39 |    81 |    55 |    49 |   605 |   726 |   293 ||  1848
Block: Shield            |       |       |   833 |  2035 |  1889 |   118 |   673 ||  5548
       Other             |       |       |       |       |       |    46 |       ||    46
       Reflection        |       |       |       |       |       |     2 |       ||     2
